 Dungeon Crawl Stone Soup version 0.24-a0-335-g06ca16a (webtiles) character file.

Game seed: 8319747486664602711

9606 mhoghedin the Skirmisher (level 11, -2/84 HPs)
             Began as a Mummy Necromancer on May 19, 2019.
             Was an Elder of Vehumet.
             Slain by an ice devil (8 damage)
             ... on level 1 of the Lair of Beasts.
             The game lasted 00:31:56 (12985 turns).

mhoghedin the Skirmisher (Mummy Necromancer)       Turns: 12985, Time: 00:31:57

Health: -2/84      AC:  8    Str: 12    XL:     11   Next: 25%
Magic:  15/17      EV: 13    Int: 18    God:    Vehumet [****..]
Gold:   700        SH:  0    Dex: 12    Spells: 4/18 levels left

rFire    x . .     SeeInvis .   o - +6 mace "Maschuaggi" {elec, +Inv rF- rC+}
rCold    + + .     Gourm    .   (no shield)
rNeg     + + +     Faith    .   w - +0 ring mail {rF+}
rPois    ∞         Spirit   .   (no helmet)
rElec    .         Reflect  .   k - +0 cloak
rCorr    .         Harm     .   i - +0 pair of gloves
MR       +....                  (no boots)
Stlth    +.........             (no amulet)
HPRegen  0.24/turn              c - ring of flight {+Fly, !d}
MPRegen  0.15/turn              (no ring)

@: confusing touch, very slightly contaminated
A: no food or potions, fire vulnerability, cold resistance 1, negative energy
resistance 3, torment resistance, unbreathing
a: Renounce Religion, Evoke Invisibility, Evoke Flight


You were on level 1 of the Lair of Beasts.
You worshipped Vehumet.
Vehumet was greatly pleased with you.
You were not hungry.

You visited 3 branches of the dungeon, and saw 13 of its levels.

You collected 700 gold pieces.

Inventory:

Hand Weapons
 o - the +6 mace "Maschuaggi" (weapon) {elec, +Inv rF- rC+}
   (You found it on level 4 of the Dungeon)

   Occasionally, upon striking a foe, it will discharge some electrical energy
   and cause terrible harm.
   It makes you vulnerable to fire.
   It protects you from cold.
   It lets you turn invisible.
 B - a +1 quarterstaff of speed
   (You took it off Joseph on level 10 of the Dungeon)
Missiles
 s - 4 throwing nets {=f, !d}
Armour
 d - a +0 buckler
   (You found it on level 1 of the Dungeon)
 i - a +0 pair of gloves (worn)
   (You found it on level 3 of the Dungeon)
 k - a +0 cloak (worn)
   (You took it off Crazy Yiuf on level 2 of the Dungeon)
 w - a +0 ring mail of fire resistance (worn)
   (You found it on level 4 of the Dungeon)
Magical Staves
 b - an uncursed staff of energy {@w1+MP, hungerless spells, !d!a}
   (You found it on level 8 of the Dungeon)
 r - an uncursed staff of summoning {!a}
   (You found it on level 7 of the Dungeon)
 t - an uncursed staff of conjuration {!a}
   (You found it on level 7 of the Dungeon)
Jewellery
 c - a ring of flight (left hand) {+Fly, !d}
   (You found it on level 3 of the Dungeon)
Wands
 h - a wand of flame (11)
   (You took it off Dowan on level 4 of the Dungeon)
 j - a wand of digging (4)
   (You found it on level 5 of the Dungeon)
 l - a wand of disintegration (14)
   (You found it on level 9 of the Dungeon)
Scrolls
 e - 2 scrolls of amnesia
 f - 5 scrolls of enchant armour
 g - 2 scrolls of identify
 p - 2 scrolls of teleportation
 q - 2 scrolls of enchant weapon
 v - a scroll of fog
 A - a scroll of immolation {!r}
Miscellaneous
 u - a box of beasts
 x - a sack of spiders
 y - a lamp of fire (inert)
   (You found it on level 8 of the Dungeon)


   Skills:
 + Level 7.4 Fighting
 - Level 6.1 Staves
 + Level 5.5 Armour
 + Level 6.4 Dodging
 - Level 1.5 Stealth
 - Level 1.1 Shields
 - Level 4.0 Spellcasting
 - Level 1.2 Hexes
 - Level 7.0 Necromancy
 - Level 6.1 Poison Magic


You had 4 spell levels left.
You knew the following spells:

 Your Spells              Type           Power        Failure   Level  Hunger
a - Pain                  Necr           ####         1%          1    N/A
b - Animate Dead          Necr           N/A          17%         4    N/A
c - Confusing Touch       Hex            #.....       19%         1    N/A
d - Olgreb's Toxic Radia  Pois           ####....     7%          4    N/A
x - Vampiric Draining     Necr           ####......   4%          3    N/A
A - Animate Skeleton      Necr           N/A          1%          1    N/A

Your spell library contained the following spells:

 Spells                   Type           Power        Failure   Level  Hunger
 Bolt of Magma            Conj/Fire/Erth #.........   87%         5    N/A
 Corpse Rot               Necr           N/A          2%          2    N/A
 Stone Arrow              Conj/Erth      #.....       22%         3    N/A
 Confuse                  Hex            #.......     47%         3    N/A
 Gell's Gravitas          Tloc           #.........   65%         3    N/A
 Leda's Liquefaction      Hex/Erth       #.........   93%         4    N/A
 Petrify                  Tmut/Erth      #.......     96%         4    N/A
 Yara's Violent Unravell  Hex/Tmut       #.........   82%         5    N/A
 Metabolic Englaciation   Hex/Ice        #.........   100%        5    N/A
 Summon Forest            Summ/Tloc      #.........   100%        5    N/A
 Summon Hydra             Summ           #.........   100%        7    N/A
 Regeneration             Chrm/Necr      Unusable     N/A         3    N/A
 Hydra Form               Tmut           Unusable     N/A         6    N/A

Dungeon Overview and Level Annotations

Branches:
Dungeon (11/15)            Temple (1/1) D:4            Lair (1/6) D:10
    Orc: D:9-12

Altars:
Ashenzari
Cheibriados
Dithmenos
Elyvilon
Fedhas
Gozag
Hepliaklqana
Kikubaaqudgha
Makhleb
Nemelex Xobeh
Okawaru
Qazlal
Ru
Sif Muna
Trog
Uskayaw
Vehumet
Wu Jian
Xom
Yredelemnul
Zin
The Shining One

Shops:
D:5 (   D:7 !   D:8 (

Portals:
Ice
Cave: Lair:1


Innate Abilities, Weirdness & Mutations

You do not eat or drink.
Your flesh is vulnerable to fire.
You are immune to poison.
Your flesh is cold resistant. (rC+)
You are immune to negative energy. (rN+++)
You are immune to unholy pain and torment.
You can survive without breathing.


Message History

You hear the faint crackling of a melting archway.
The ice devil barely misses you.
You hit the ice devil.
The ice devil seems less confused.
The ice devil hits you.
* * * LOW HITPOINT WARNING * * *
The ice devil freezes you. You resist.
* * * LOW HITPOINT WARNING * * *
You take 7 damage, and have 18/84 hp.
MP restored: 17
There is an open door here.
Okay, then.
Unknown command.
The ice devil closely misses you.
Really walk into that dispersal trap?
You enter a dispersal trap!
The ice devil blinks! x5
You blink.
Splash!
You fall into the shallow water.
Moving in this stuff is going to be slow.
The ice devil enters a dispersal trap!
The ice devil blinks!
You blink.
The ice devil blinks!
Really walk into that dispersal trap?
You enter a dispersal trap!
The ice devil blinks! x3
You blink.
Splash!
You fall into the shallow water.
Moving in this stuff is going to be slow.
Your hands begin to glow red.
You now have 16/17 mp.
Okay, then.
Unknown command.
You hit the ice devil but do no damage.
The ice devil appears confused.
The ice devil hits you.
* * * LOW HITPOINT WARNING * * *
The ice devil freezes you. You resist.
* * * LOW HITPOINT WARNING * * *
You take 9 damage, and have 17/84 hp.
You barely miss the ice devil. The ice devil barely misses you.
The ice devil completely misses you.
You hit the ice devil. The ice devil closely misses you.
You sock the ice devil!
Lightning courses through the ice devil!
You kill the ice devil!
Vehumet accepts your kill.
You feel your power returning.
MP restored: 17
Aim: an ice devil (heavily wounded)
The puff of flame hits the ice devil but does no damage.
Aim: an ice devil (heavily wounded)
The puff of flame hits the ice devil but does no damage.
You miscast Confusing Touch.
You are very lightly contaminated with residual magic.
Your skin glows momentarily.
Your hands begin to glow red.
You now have 16/17 mp.
You hit the ice devil but do no damage.
The ice devil hits you but does no damage.
The ice devil hits you.
* * * LOW HITPOINT WARNING * * *
The ice devil freezes you. You resist.
* * * LOW HITPOINT WARNING * * *
You take 5 damage, and have 14/84 hp.
You hit the ice devil but do no damage.
The ice devil hits you but does no damage.
You hit the ice devil but do no damage.
The ice devil appears confused.
The ice devil barely misses you.
You hit the ice devil but do no damage. The ice devil barely misses you.
You hit the ice devil.
Lightning courses through the ice devil!
MP restored: 17 You hear the faint crackling of a distant melting archway.
Aim: an ice devil (severely wounded, confused)
The puff of flame hits the ice devil but does no damage.
Aim: an ice devil (severely wounded, confused, chance to defeat MR: 16%)
Okay, then.
Unknown command.
The ice devil seems less confused.
You reach into the bag... ...but nothing happens.
Okay, then.
Unknown command.
Your hands begin to glow red.
You now have 16/17 mp.
MP restored: 17 You hit the ice devil but do no damage.
The ice devil appears confused.
Your magical contamination has completely faded away.
You hit the ice devil.
The ice devil hits you but does no damage.
The ice devil hits you!
* * * LOW HITPOINT WARNING * * *
The ice devil freezes you. You resist.
* * * LOW HITPOINT WARNING * * *
You take 14 damage, and have 5/84 hp.
The ice devil seems less confused.
You miscast Confusing Touch.
You are very lightly contaminated with residual magic.
Your skin glows momentarily.
The ice devil barely misses you.
You now have 16/17 mp.
Your hands begin to glow red.
The ice devil hits you!
You die...

......# ******** ......#
####### ......# #..∩..#
......###############.....#
...................#*.....*
...................#*,...,*
...................#**#.#**
..<................# ##4##
...............4@..# #...#
...................###'#+#
.......####.######.......#
.....(..# ### #########
...♣...## ≈P≈♣...# PPP♣...#
≈≈♣#...#* ≈♣##....*


You could see an ice devil.

Vanquished Creatures
  Harold (D:9)
  A death yak (D:10)
  A cyclops (D:8)
  Joseph (D:10)
  A water nymph (D:9)
  An ice devil (Lair:1)
  5 hippogriffs
  A yak (D:10)
  A hungry ghost (D:4)
  Duvessa (D:4)
  5 orc warriors
  4 ice beasts
  2 phantoms
  4 sky beasts
  2 black bears
  7 ogres
  4 centaurs
  3 crocodiles
  A big kobold (D:6)
  7 bullfrogs
  A wyvern zombie (D:10)
  Dowan (D:4)
  6 scorpions
  6 killer bees (D:7)
  3 wights (D:7)
  A howler monkey (D:5)
  7 crimson imps
  2 centaur skeletons
  7 hounds
  8 orc wizards
  4 orc priests
  3 jellies
  Crazy Yiuf (D:2)
  2 iguanas (D:8)
  7 worker ants
  A hound zombie (D:5)
  3 gnolls (D:3)
  A howler monkey skeleton (D:8)
  14 adders
  4 shadow imps
  An adder zombie (D:4)
  An adder skeleton (D:5)
  4 worms (D:3)
  A dart slug (D:1)
  9 leopard geckos
  35 orcs
  A ball python (D:3)
  13 bats
  3 giant cockroaches
  10 goblins
  9 hobgoblins
  15 jackals
  4 quokkas
  5 frilled lizards
  9 kobolds
  A leopard gecko skeleton (D:8)
  10 rats
266 creatures vanquished.

Vanquished Creatures (collateral kills)
  Prince Ribbit (D:8)
  A hippogriff (D:10)
  3 yaks (D:10)
  A black bear (D:10)
  An ogre (D:9)
  A crimson imp (D:8)
  A hound skeleton (D:10)
  A gnoll (D:4)
  A dart slug (D:4)
  2 orcs (D:4)
  A goblin (D:1)
  A leopard gecko skeleton (D:4)
15 creatures vanquished.

Vanquished Creatures (others)
  A quokka zombie (D:6)
1 creature vanquished.

Grand Total: 282 creatures vanquished

Notes
Turn   | Place    | Note
-------+----------+-------------------------------------------
     0 | D:1      | mhoghedin the Mummy Necromancer began the quest for the
                  | Orb.
     0 | D:1      | Reached XP level 1. HP: 13/13 MP: 4/4
   154 | D:1      | Reached skill level 3 in Spellcasting
   199 | D:1      | Reached XP level 2. HP: 7/19 MP: 0/6
   213 | D:1      | HP: 2/19 [goblin/+0 club (4)]
   497 | D:1      | Learned a level 1 spell: Animate Skeleton
  1099 | D:1      | Reached XP level 3. HP: 24/24 MP: 5/8
  1671 | D:2      | Reached skill level 4 in Spellcasting
  1767 | D:2      | Learned a level 3 spell: Vampiric Draining
  1844 | D:2      | Reached skill level 5 in Necromancy
  1858 | D:2      | Reached XP level 4. HP: 30/30 MP: 0/10
  2149 | D:2      | Noticed an ogre
  2183 | D:2      | Killed an ogre
  2183 | D:2      | Reached skill level 6 in Necromancy
  2183 | D:2      | Reached XP level 5. HP: 15/35 MP: 0/11
  2565 | D:2      | Found a runed translucent door.
  2566 | D:2      | Noticed Crazy Yiuf
  2573 | D:2      | Killed Crazy Yiuf
  2939 | D:3      | Learned a level 4 spell: Animate Dead
  3304 | D:3      | Reached XP level 6. HP: 41/41 MP: 5/12
  3714 | D:3      | Reached skill level 7 in Necromancy
  3830 | D:4      | Noticed a hungry ghost
  3896 | D:4      | Found a staircase to the Ecumenical Temple.
  3913 | D:4      | Got a bone mace
  3918 | Temple   | Entered the Ecumenical Temple
  4151 | Temple   | Became a worshipper of Vehumet
  4167 | D:4      | Identified the +6 mace "Maschuaggi" {elec, +Inv rF- rC+}
                  | (You found it on level 4 of the Dungeon)
  4483 | D:4      | Reached skill level 1 in Fighting
  4483 | D:4      | Reached skill level 1 in Staves
  4483 | D:4      | Reached skill level 2 in Dodging
  4483 | D:4      | Reached skill level 1 in Shields
  4560 | D:4      | Reached XP level 7. HP: 32/49 MP: 13/13
  4633 | D:4      | Reached skill level 2 in Fighting
  4663 | D:4      | Reached skill level 2 in Staves
  4695 | D:4      | Reached skill level 3 in Dodging
  4825 | D:4      | Noticed Dowan
  4826 | D:4      | Noticed Duvessa
  4856 | D:4      | Killed a hungry ghost
  4856 | D:4      | Reached skill level 3 in Fighting
  4875 | D:4      | HP: 13/52 [Duvessa/+0 short sword (15)]
  4879 | D:4      | Killed Duvessa
  4879 | D:4      | Reached skill level 1 in Armour
  4879 | D:4      | Reached XP level 8. HP: 15/58 MP: 1/14
  4882 | D:4      | HP: 8/58 [Dowan/puff of flame (8)]
  4890 | D:4      | HP: 5/58 [Dowan/+0 dagger (3)]
  4893 | D:4      | Killed Dowan
  5394 | D:5      | Entered Level 5 of the Dungeon
  5531 | D:5      | Reached skill level 3 in Staves
  5715 | D:5      | Found Saaj Yts's Antique Weapon Emporium.
  5717 | D:5      | Reached * piety under Vehumet
  5717 | D:5      | Offered knowledge of Magic Dart by Vehumet.
  5726 | D:5      | Reached skill level 4 in Fighting
  6019 | D:5      | Reached skill level 2 in Armour
  6477 | D:6      | Reached skill level 4 in Dodging
  7158 | D:6      | Learned a level 1 spell: Confusing Touch
  7188 | D:7      | Reached skill level 4 in Staves
  7188 | D:7      | Reached skill level 3 in Armour
  7289 | D:7      | Reached skill level 5 in Fighting
  7289 | D:7      | Reached XP level 9. HP: 53/68 MP: 15/15
  7380 | D:7      | Reached skill level 1 in Hexes
  7532 | D:7      | Offered knowledge of Freeze by Vehumet.
  7562 | D:7      | Reached ** piety under Vehumet
  7823 | D:7      | Reached skill level 5 in Dodging
  8158 | D:7      | Found an iron altar of Okawaru.
  8223 | D:7      | Got a distressingly furry scale mail
  8234 | D:7      | Identified the +2 scale mail "Merghiex" {Stlth+} (You found
                  | it on level 7 of the Dungeon)
  8376 | D:7      | Reached skill level 4 in Armour
  8384 | D:7      | Found Wigomp's Distillery.
  8509 | D:8      | Reached skill level 6 in Fighting
  8604 | D:8      | Reached skill level 5 in Staves
  8627 | D:8      | Offered knowledge of Conjure Flame by Vehumet.
  8706 | D:8      | Noticed Prince Ribbit
  8721 | D:8      | Killed Prince Ribbit
  8750 | D:8      | Reached XP level 10. HP: 61/77 MP: 4/16
  8863 | D:8      | Reached *** piety under Vehumet
  8942 | D:8      | Noticed a cyclops
  8954 | D:8      | Killed a cyclops
  8962 | D:8      | Reached skill level 5 in Armour
  8962 | D:8      | Reached skill level 6 in Dodging
  9456 | D:8      | Found Olavidgh's Antique Weapon Shoppe.
  9609 | D:8      | Got a shimmering spear
  9610 | D:8      | Identified the +4 spear "Heomo" {antimagic, Dex+7 Stlth-}
                  | (You found it on level 8 of the Dungeon)
  9926 | D:9      | Offered knowledge of Olgreb's Toxic Radiance by Vehumet.
  9932 | D:9      | Learned a level 4 spell: Olgreb's Toxic Radiance
  9984 | D:9      | Found a shadowy altar of Dithmenos.
  9990 | D:9      | Noticed a two-headed ogre
  9995 | D:9      | Noticed a water nymph
  9995 | D:9      | a two-headed ogre changed into a water nymph
 10006 | D:9      | Killed a water nymph
 10006 | D:9      | Reached skill level 2 in Poison Magic
 10254 | D:9      | Noticed Harold
 10266 | D:9      | Killed Harold
 10266 | D:9      | Reached skill level 3 in Poison Magic
 10460 | D:9      | Reached skill level 4 in Poison Magic
 11230 | D:10     | Entered Level 10 of the Dungeon
 11252 | D:10     | Noticed Joseph
 11269 | D:9      | Reached skill level 5 in Poison Magic
 11496 | D:10     | Killed Joseph
 11742 | D:10     | Got a pair of crude gloves
 11744 | D:10     | Found a staircase to the Lair.
 11744 | D:10     | Noticed a death yak
 12131 | D:10     | Reached skill level 6 in Poison Magic
 12131 | D:10     | Reached XP level 11. HP: 54/83 MP: 5/17
 12254 | D:10     | Killed a death yak
 12254 | D:10     | Reached **** piety under Vehumet
 12254 | D:10     | Reached skill level 7 in Fighting
 12276 | D:10     | Reached skill level 6 in Staves
 12318 | D:10     | Offered knowledge of Bolt of Magma by Vehumet.
 12798 | D:10     | Identified the cursed -6 pair of gloves "Aniaf" {Int+3}
                  | (You found it on level 10 of the Dungeon)
 12871 | Lair:1   | Entered Level 1 of the Lair of Beasts
 12898 | Lair:1   | Found a frozen archway.
 12919 | Lair:1   | HP: 21/84 [ice devil (5)]
 12952 | Lair:1   | HP: 17/84 [ice devil (5)]
 12960 | Lair:1   | HP: 18/84 [ice devil (1)]
 12979 | Lair:1   | HP: 11/84 [ice devil (8)]
 12979 | Lair:1   | HP: 5/84 [ice devil (6)]
 12985 | Lair:1   | Slain by an ice devil

Levels and vault maps discovered:
D:1:      psy_arrival_terrarium, layout_basic
D:2:      layout_basic, minmay_tetromino_t4, uniq_crazy_yiuf_cottage
D:3:      layout_basic, first_ration
D:4:      layout_rooms, minmay_temple_entry_ruins, nzn_random_ring, uniq_duvessa
D:5:      layout_basic, serial_shops, shop
D:6:      layout_layer_cave
D:7:      layout_basic, kennysheep_mini_moat, serial_shops, shop,
          grunt_ogre_cave
D:8:      minmay_the_grid_octo_triangle [minmay_the_grid_octo_focus,
          minmay_the_grid_octo_prize_single_spiral,
          minmay_the_grid_octo_toaster], layout_basic, serial_shops, shop,
          uniq_prince_ribbit1
D:9:      layout_layer_cave, nicolae_dithmenos_shadow_blocks, uniq_harold
D:10:     layout_rooms, david_lair_generic,
          hangedman_abyss_or_decor_lesser_grid, minmay_sticks_and_stones
D:11:     layout_layer_cave, zombieorc2_lemuel, chequers_arboretum,
          grunt_decor_fettered
Temple:   nicolae_temple_the_god_donut
Lair:1:   layout_hall_layers, portal_ice_cave_demonic_guard,
          serial_bayou_shore_b, uniq_sonja

Skill      XL: |  1  2  3  4  5  6  7  8  9 10 11 |
---------------+----------------------------------+-----
Spellcasting   | 3 4 |  4.0
Necromancy     | 5 6 7 |  7.0
Fighting       | 1 3 5 6 7 |  7.4
Staves         | 1 2 4 5 6 |  6.1
Dodging        | 2 3 4 5 6 |  6.4
Shields        | 1 |  1.1
Armour         | 1 3 4 5 |  5.5
Hexes          | 1 |  1.2
Poison Magic   | 6 |  6.1
Stealth        | |  1.5

Action                   |  1- 3 |  4- 6 |  7- 9 | 10-12 || total
-------------------------+-------+-------+-------+-------++-------
Melee: Unarmed           |    10 |       |       |       ||    10
       Short sword       |     8 |    13 |       |       ||    21
       Quarterstaff      |       |    19 |   286 |   189 ||   494
       Mace              |       |       |       |    26 ||    26
 Cast: Pain              |    83 |   100 |    61 |   108 ||   352
       Animate Skeleton  |     3 |     3 |       |     2 ||     8
       Vampiric Draining |       |    10 |    21 |    31 ||    62
       Animate Dead      |       |     3 |     8 |     5 ||    16
       Confusing Touch   |       |       |     6 |     8 ||    14
       Olgreb's Toxic Ra |       |       |       |     8 ||     8
Evoke: Sack of spiders   |       |       |       |     3 ||     3
       Wand              |       |       |       |     3 ||     3
       Lamp of fire      |       |       |       |     1 ||     1
  Use: Scroll            |       |     9 |     1 |     5 ||    15
 Stab: Sleeping          |       |     1 |       |       ||     1
       Confused          |       |       |     7 |     1 ||     8
       Distracted        |       |       |       |     1 ||     1
Armor: Robe              |     5 |     6 |       |       ||    11
       Ring mail         |       |     3 |   100 |    80 ||   183
       Scale mail        |       |       |    53 |    17 ||    70
Dodge: Dodged            |    39 |    35 |   202 |   172 ||   448

Table legend:
 A = Non-vault XP
 B = Vault XP
 C = Vault XP percentage of total XP
 D = Non-vault monster count
 E = Vault monster count
 F = Vault count percentage of total count
                 A         B        C        D         E       F
            +---------+---------+-------+---------+---------+-------
      Total |    8754 |    4970 |  36.2 |     242 |      40 |  14.2
            +---------+---------+-------+---------+---------+-------
        D:1 |      48 |       0 |   0.0 |      26 |       0 |   0.0
        D:2 |     185 |      44 |  19.2 |      34 |       3 |   8.1
        D:3 |     145 |       0 |   0.0 |      29 |       0 |   0.0
        D:4 |     567 |     573 |  50.3 |      15 |      12 |  44.4
        D:5 |     378 |       0 |   0.0 |      12 |       0 |   0.0
        D:6 |     679 |       0 |   0.0 |      21 |       0 |   0.0
        D:7 |    1803 |     118 |   6.1 |      32 |       1 |   3.0
        D:8 |     802 |    1588 |  66.4 |      22 |      17 |  43.6
        D:9 |    1822 |     605 |  24.9 |      26 |       1 |   3.7
       D:10 |    2325 |    1711 |  42.4 |      25 |       5 |  16.7
     Lair:1 |       0 |     331 | 100.0 |       0 |       1 | 100.0
            +---------+---------+-------+---------+---------+-------

Levels and vault maps discovered:
D:1:      psy_arrival_terrarium, layout_basic
D:2:      layout_basic, minmay_tetromino_t4, uniq_crazy_yiuf_cottage
D:3:      layout_basic, first_ration
D:4:      layout_rooms, minmay_temple_entry_ruins, nzn_random_ring, uniq_duvessa
D:5:      layout_basic, serial_shops, shop
D:6:      layout_layer_cave
D:7:      layout_basic, kennysheep_mini_moat, serial_shops, shop,
          grunt_ogre_cave
D:8:      minmay_the_grid_octo_triangle [minmay_the_grid_octo_focus,
          minmay_the_grid_octo_prize_single_spiral,
          minmay_the_grid_octo_toaster], layout_basic, serial_shops, shop,
          uniq_prince_ribbit1
D:9:      layout_layer_cave, nicolae_dithmenos_shadow_blocks, uniq_harold
D:10:     layout_rooms, david_lair_generic,
          hangedman_abyss_or_decor_lesser_grid, minmay_sticks_and_stones
D:11:     layout_layer_cave, zombieorc2_lemuel, chequers_arboretum,
          grunt_decor_fettered
Temple:   nicolae_temple_the_god_donut
Lair:1:   layout_hall_layers, portal_ice_cave_demonic_guard,
          serial_bayou_shore_b, uniq_sonja

Table legend:
 A = Turns spent in this place as a percentage of turns spent in the entire game.
 B = Non-inter-level travel turns spent in this place as a percentage of non-inter-level travel turns spent in the entire game.
 C = Inter-level travel turns spent in this place as a percentage of turns spent in this place.
 D = Turns resting spent in this place as a percentage of non-inter-level travel turns spent in this place.
 E = Turns spent auto-exploring this place as a percentage of non-inter-level travel turns spent in this place.
 F = Non-inter-level travel turns spent in this place divided by the number of levels of this place that you've seen.
                   A       B       C       D       E      F
               +-------+-------+-------+-------+-------+----------------------
         Total | 100.0 | 100.0 |   3.0 |  31.2 |  48.8 | 968.7
       Dungeon |  97.2 |  97.3 |   2.9 |  32.1 |  48.4 | 1114.2
        Temple |   1.9 |   1.8 |   8.9 |   0.0 |  96.4 | 224.0
          Lair |   0.9 |   0.9 |   0.9 |   0.0 |   0.0 | 113.0
               +-------+-------+-------+-------+-------+----------------------

Table legend:
 A = Kills in this place as a percentage of kills in entire the game.
 B = Kills by you in this place as a percentage of kills by you in the entire game.
 C = Kills by friends in this place as a percentage of kills by friends in the entire game.
 D = Other kills in this place as a percentage of other kills in the entire game.
 E = Experience gained in this place as a percentage of experience gained in the entire game.
 F = Experience gained in this place divided by the number of levels of this place that you have seen.
                   A       B       C       D       E      F
               +-------+-------+-------+-------+-------+----------------------
         Total | 100.0 | 100.0 | 100.0 | 100.0 | 100.0 | 1055.7
       Dungeon |  99.6 |  99.6 | 100.0 | 100.0 |  97.6 | 1217.5
          Lair |   0.4 |   0.4 |   0.0 |   0.0 |   2.4 | 331.0
               +-------+-------+-------+-------+-------+----------------------
